 Dungeon Crawl Stone Soup version 0.32-a0-975-g85d4e5bfdb (webtiles) character file.

Game seed: 9355629100411086869

36 Shayle the Apothecary (level 3, -1/26 HPs)
             Began as a Coglin Alchemist on Apr 18, 2024.
             Slain by a giant cockroach (2 damage)
             ... on level 1 of the Dungeon.
             The game lasted 00:03:24 (968 turns).

Shayle the Apothecary (Coglin Alchemist)             Turns: 968, Time: 00:03:25

Health: -1/26      AC:  2    Str:  8    XL:     3   Next: 37%
Magic:  0/6        EV: 11    Int: 16    God:
Gold:   18         SH:  0    Dex: 14    Spells: 2/6 levels left

rFire   . . .        c - +0 spear {Gloria}
rCold   . . .        (no shield)
rNeg    . . .        a - +0 robe
rPois   .            (no helmet)
rElec   .            (no cloak)
rCorr   .            (no gloves)
SInv    .            (no boots)
Will    .....        (amulet unavailable)
Stlth   ++           (ring unavailable)
HPRegen 0.24/turn    (ring unavailable)
MPRegen 0.10/turn    (no gizmo)

%: no passive effects
@: revved
A: off-hand wielding, slow wielding, warmup strikes, no jewellery
a: Invent Gizmo


You were on level 1 of the Dungeon.
You visited 1 branch of the dungeon, and saw 1 of its levels.

You collected 18 gold pieces.

Inventory:

Hand Weapons
 c - a +0 spear (weapon) {Gloria}
 j - a +0 sling
Armour
 a - a +0 robe (worn)
Scrolls
 h - 2 scrolls of identify {unknown}
Potions
 b - a potion of magic
 d - a potion of heal wounds {unknown}
 e - a potion of resistance {unknown}
 f - 2 potions of degeneration {unknown}
 g - a potion of curing {unknown}
 i - 2 potions of mutation {unknown}


   Skills:
 + Level 1.0 Fighting
 + Level 2.2 Dodging
 - Level 1.5 Stealth
 + Level 2.1 Spellcasting
 + Level 1.3 Conjurations
 + Level 3.6 Alchemy


You had 2 spell levels left.
You knew the following spells:

 Your Spells              Type           Power      Damage    Failure   Level
a - Sting                 Conj/Alch      36%        1d5       8%          1
b - Mephitic Cloud        Conj/Alch/Air  7%         N/A       30%         3

Your spell library contained the following spells:

 Spells                   Type           Power      Damage    Failure   Level
 Mercury Vapours          Alch/Air       14%        N/A       14%         2
 Olgreb's Toxic Radiance  Alch           13%        N/A       43%         4
 Sticky Flame             Fire/Alch      7%         2d4       67%         4


Dungeon Overview and Level Annotations

Branches:
Dungeon (1/15)

Altars:


Innate Abilities, Weirdness & Mutations

You can wield a second weapon in your off-hand.
It takes a long time for you to wield or remove held weapons.
Your first few attacks do less damage.
You cannot equip rings or amulets.


Message History

* * * LOW HITPOINT WARNING * * *
Casting: Sting (safe; 8% risk of failure)
Confirm with . or Enter, or press ? or * to list all spells.
Aiming: Sting (safe; 8% risk of failure)
Press: ? - help, Shift-Dir - straight line, f/p - hobgoblin
Aim: a hobgoblin (severely wounded, very poisoned, 68% to hit)
The sting misses the hobgoblin.
The hobgoblin hits you but does no damage.
Casting: Sting (safe; 8% risk of failure)
Confirm with . or Enter, or press ? or * to list all spells.
Aiming: Sting (safe; 8% risk of failure)
Press: ? - help, Shift-Dir - straight line, f/p - hobgoblin
Aim: a hobgoblin (severely wounded, very poisoned, 68% to hit)
The sting misses the hobgoblin.
The hobgoblin hits you.
* * * LOW HITPOINT WARNING * * *
Unknown command.
You hit the hobgoblin but do no damage.
The hobgoblin is almost dead.
You kill the hobgoblin!
Casting: Sting (safe; 8% risk of failure)
Confirm with . or Enter, or press ? or * to list all spells.
Aiming: Sting (safe; 8% risk of failure)
Press: ? - help, Shift-Dir - straight line, f - giant cockroach
Aim: a giant cockroach (68% to hit)
The sting misses the giant cockroach.
The giant cockroach bites you.
* * * LOW HITPOINT WARNING * * *
Casting: Sting (safe; 8% risk of failure)
Confirm with . or Enter, or press ? or * to list all spells.
Aiming: Sting (safe; 8% risk of failure)
Press: ? - help, Shift-Dir - straight line, f/p - giant cockroach
Aim: a giant cockroach (68% to hit)
The sting hits the giant cockroach.
The giant cockroach is poisoned.
The giant cockroach is moderately wounded.
The giant cockroach bites you.
* * * LOW HITPOINT WARNING * * *
The giant cockroach bites you but does no damage.
You hit the giant cockroach but do no damage.
The giant cockroach is heavily wounded.
The giant cockroach bites you.
You die...

#.####################
#.# #.# #.# #.# #.#
#.# #.########.#
#....@B....#
#.########## ###


You could see a giant cockroach (poisoned).

Vanquished Creatures
  3 bats (D:1)
  4 endoplasms (D:1)
  3 goblins (D:1)
  7 hobgoblins (D:1)
  4 jackals (D:1)
  2 kobolds (D:1)
  A quokka (D:1)
  4 frilled lizards (D:1)
  3 rats (D:1)
31 creatures vanquished.

Notes
Turn   | Place    | Note
-------+----------+-------------------------------------------
     0 | D:1      | Shayle the Coglin Alchemist began the quest for the Orb.
     0 | D:1      | Reached XP level 1. HP: 13/13 MP: 3/3
    78 | D:1      | Reached skill level 1 in Conjurations
   162 | D:1      | Reached XP level 2. HP: 16/20 MP: 4/4
   562 | D:1      | Reached XP level 3. HP: 25/25 MP: 3/6
   627 | D:1      | Learned a level 3 spell: Mephitic Cloud
   707 | D:1      | Reached skill level 1 in Fighting
   966 | D:1      | HP: 1/26 [giant cockroach (2)]
   968 | D:1      | Slain by a giant cockroach

Illustrated notes

Levels and vault maps discovered:
D:1:      roderic_crop_circles_arrival_small, layout_basic

Skill      XL: |  1  2  3 |
---------------+----------+-----
Conjurations   | 1 |  1.3
Dodging        | 2 |  2.2
Spellcasting   | 2 |  2.1
Fighting       | 1 |  1.0
Stealth        | |  1.5
Alchemy        | |  3.6

Action                     || total
---------------------------++-------
  Melee: Spear             ||    86
         Unarmed           ||     4
   Cast: Sting             ||    25
   Stab: Sleeping          ||     3
 Armour: Robe              ||    57
  Dodge: Dodged            ||    47

Table legend: (Time is in decaauts)
 A = Elapsed time spent in this place.
 B = Non-inter-level travel time spent in this place.
 C = Inter-level travel time spent in this place.
 D = Time resting spent in this place.
 E = Time spent auto-exploring this place.
 F = Levels seen in this place.
 G = Mean time per level.
                   A        B        C        D        E       F      G
               +--------+--------+--------+--------+--------+-----+--------+
         Total |    976 |    976 |      0 |    159 |    505 |   1 |  976.0 |
       Dungeon |    976 |    976 |      0 |    159 |    505 |   1 |  976.0 |
               +--------+--------+--------+--------+--------+-----+--------+

Top non-repeatable levels by time:
     D:1: 976 daAuts
